 Dungeon Crawl Stone Soup version 0.29.0-5-ge4962eb29e (webtiles) character file.

Game seed: 14545768717903545449

88 greasedhog the Trooper (level 4, -1/30 HPs)
             Began as a Gargoyle Berserker on Aug 30, 2022.
             Was a Believer of Trog.
             Slain by a jelly (2 damage)
             ... on level 2 of the Dungeon.
             The game lasted 00:02:32 (2065 turns).

greasedhog the Trooper (Gargoyle Berserker)         Turns: 2065, Time: 00:02:32

Health: -1/30      AC:  9    Str: 23    XL:     4   Next: 53%
Magic:  4/4        EV:  8    Int:  7    God:    Trog [**....]
Gold:   113        SH:  0    Dex:  9    Spells: 3/3 levels left

rFire   . . .      SeeInvis +   a - +0 mace
rCold   . . .      Faith    .   (no shield)
rNeg    + . .      Spirit   .   j - +0 chain mail
rPois   ∞          Reflect  .   (no helmet)
rElec   +          Harm     .   (no cloak)
rCorr   .          Rampage  .   (no gloves)
Will    .....                   e - +0 pair of boots
Stlth   ..........              (no amulet)
HPRegen 0.10/turn               c - ring of see invisible
MPRegen 0.09/turn               (no ring)

@: corroded
A: sickness immunity, AC +3, negative energy resistance 1, electricity
resistance, torment resistance 1, petrification resistance
a: Renounce Religion, Berserk, Trog's Hand


You were on level 2 of the Dungeon.
You worshipped Trog.
Trog was pleased with you.
You visited 1 branch of the dungeon, and saw 2 of its levels.

You collected 113 gold pieces.

Inventory:

Hand Weapons
 a - a +0 mace (weapon)
Missiles
 d - 10 javelins (quivered)
Armour
 e - a +0 pair of boots (worn)
 j - a +0 chain mail (worn)
Jewellery
 c - a ring of see invisible (left hand)
Scrolls
 b - a scroll of enchant armour {unknown}
 i - a scroll of identify {unknown}
Potions
 f - a potion of flight {unknown}
 g - a potion of invisibility {unknown}
 h - a potion of curing {unknown}


   Skills:
 * Level 4.6 Fighting
 * Level 4.2 Maces & Flails
 - Level 2.1 Armour
 - Level 1.5 Dodging


You had 3 spell levels left.
You didn't know any spells.
Your spell library was empty.

Dungeon Overview and Level Annotations

Branches:
Dungeon (2/15)

Altars:

Shops:
D:2 [[


Innate Abilities, Weirdness & Mutations

You are immune to sickness and miasma.
Your stone body is resilient. (AC +3)
You are immune to poison.
You resist negative energy. (rN+)
You are resistant to electric shocks. (rElec)
You are resistant to unholy torment.
You are immune to petrification.


Message History

You kill the endoplasm!
Trog accepts your kill.
An endoplasm comes into view. x2
You sock the endoplasm!
You kill the endoplasm!
Trog accepts your kill. 2 jellies and 4 endoplasms come into view.
Found four items.
The jelly quivers. x2; The endoplasm quivers. x2
The endoplasm hits the fungus.
The endoplasm jiggles.
There is an open door here.
You hit the jelly.
Your hands burn!
The jelly is lightly wounded.
The jelly hits the fungus.
The fungus begins to die.
The fungus is splashed with acid.
The endoplasm freezes you.
You are frozen.
The endoplasm hits the fungus.
You hit the jelly but do no damage.
Your hands burn!
The jelly is lightly wounded.
The jelly hits the fungus.
The fungus is splashed with acid.
The acid corrodes the fungus!
The endoplasm barely misses you.
The endoplasm hits the fungus. x2; The jelly hits you but does no damage.
You hit the jelly. The acid corrodes you!
Your hands burn!
The jelly is heavily wounded.
A nearby fungus withers and dies.
The jelly completely misses the fungus.
The endoplasm freezes you.
You are frozen.
The jelly barely misses you.
You hit the jelly.
Your hands burn!
The jelly is heavily wounded.
The jelly hits the fungus.
The fungus is splashed with acid.
The fungus seems to be corroded for longer.
The endoplasm misses you. The jelly hits you but does no damage.
The jelly hits the fungus.
The fungus is splashed with acid.
The fungus seems to be corroded for longer.
The endoplasm barely misses you. The jelly hits you.
You are splashed with acid!
* * * LOW HITPOINT WARNING * * *
The jelly attacks as you move away! The jelly hits you.
You die...

#......# #.#....#
#.##...## ..##....##
##.#####... ... #.#†
####### ### #.#.
#.÷..JJ########## ###.#.
#P...PP@##......###<..##
#...JJJ#.#.......##.#.#
#PPP.JJ#.#........'...#
#..÷..J#.#........'..##
#......#)#'#..†.).))##
#......#.#.#..:..##)####
#÷P....#.#.#....###...^.
#/...÷.##.####### #.....
###########..###


You could see 3 jellies and 5 endoplasms.

Vanquished Creatures
  4 adders (D:2)
  A dart slug (D:1)
  7 endoplasms
  A giant cockroach (D:1)
  4 goblins
  3 hobgoblins (D:1)
  3 jackals (D:2)
  2 ball pythons (D:1)
  2 bats (D:1)
  5 frilled lizards (D:1)
  12 kobolds
  5 rats
49 creatures vanquished.

Vanquished Creatures (others)
  A fungus (D:2)
  9 toadstools (D:2)
10 creatures vanquished.

Grand Total: 59 creatures vanquished

Notes
Turn   | Place    | Note
-------+----------+-------------------------------------------
     0 | D:1      | greasedhog the Gargoyle Berserker began the quest for the
                  | Orb.
     0 | D:1      | Reached XP level 1. HP: 14/14 MP: 1/1
   306 | D:1      | Reached XP level 2. HP: 14/19 MP: 2/2
   780 | D:1      | Reached XP level 3. HP: 22/24 MP: 3/3
   823 | D:1      | Reached ** piety under Trog
  1498 | D:2      | Found Elyocw's Armour Shop.
  1565 | D:2      | Found a faded altar of an unknown god.
  1594 | D:2      | Reached XP level 4. HP: 23/30 MP: 4/4
  1773 | D:2      | Found Ebeygouth's Armour Boutique.
  2064 | D:2      | HP: 1/30 [acid (11)]
  2065 | D:2      | Slain by a jelly

Illustrated notes

Levels and vault maps discovered:
D:1:      dpeg_arrival_court, layout_rooms
D:2:      cheibrodos_fertilizer, layout_basic,
          hellmonk_ecumenical_altar_zigzags, serial_shops, shop,
          nicolae_shop_hallway_plus

Skill      XL: |  1  2  3  4 |
---------------+-------------+-----
Fighting       | 4 |  4.6
Maces & Flails | 4 |  4.2
Armour         | |  2.1
Dodging        | |  1.5

Action                   |  1- 3 |  4- 6 || total
-------------------------+-------+-------++-------
Melee: Mace              |   105 |    47 ||   152
       Punch             |     1 |       ||     1
  Use: Scroll            |     1 |     1 ||     2
Armor: Animal skin       |    34 |       ||    34
       Leather armour    |    14 |       ||    14
       Chain mail        |       |    23 ||    23
Dodge: Dodged            |    87 |    22 ||   109
